 Dungeon Crawl Stone Soup version 0.28.0-45-g0d030f2227 (webtiles) character file.

Game seed: 14399610793878254245

105 zeratav the Insei (level 4, 0/29 HPs)
             Began as an Octopode Transmuter on Apr 8, 2022.
             Slain by a gnoll
             ... wielding a +0 flail
              (13 damage)
             ... on level 3 of the Dungeon.
             The game lasted 00:04:13 (3222 turns).

zeratav the Insei (Octopode Transmuter)             Turns: 3222, Time: 00:04:14

Health: 0/29       AC:  1    Str:  9    XL:     4   Next: 81%
Magic:  7/7        EV: 13    Int: 15    God:
Gold:   106        SH:  0    Dex: 14    Spells: 6/7 levels left

rFire   . . .      SeeInvis .   i - +2 short sword (freeze) {short}
rCold   + . .      Faith    .   (no shield)
rNeg    . . .      Spirit   .   (helmet currently unavailable)
rPois   .          Reflect  .   (no amulet)
rElec   .          Harm     .   e - ring of wizardry
rCorr   .          Rampage  .   f - ring of protection from cold
Will    .....                   (no ring)
Stlth   +++.......              (no ring)
HPRegen 0.09/turn               (no ring)
MPRegen 0.10/turn               (no ring)
                                (no ring)
                                (no ring)

@: appendages (expiring)
A: tentacle spike 3, almost no armour, amphibious, 8 rings, camouflage 1,
gelatinous body 1, (nimble swimmer 1), tentacles
a: End Transformation


You were on level 3 of the Dungeon.
One of your tentacles had grown a beastly spike.
You visited 1 branch of the dungeon, and saw 3 of its levels.

You collected 106 gold pieces.


Innate Abilities, Weirdness & Mutations

One of your tentacles has grown a beastly spike.
You cannot wear most types of armour.
You are amphibious.
You can wear up to eight rings at the same time.
Your skin changes colour to match your surroundings (Stealth+).
Your rubbery body absorbs attacks. (AC +1, EV +1)
((You are camouflaged when in or above water. (Stealth+)))
You have tentacles for arms and can constrict up to eight enemies at once.


   Skills:
 + Level 2.1 Fighting
 + Level 2.8 Dodging
 + Level 2.3 Stealth
 * Level 4.1 Unarmed Combat
 - Level 2.0 Spellcasting
 - Level 2.0 Transmutations


You had 6 spell levels left.
You knew the following spells:

 Your Spells              Type           Power      Damage    Failure   Level
a - Beastly Appendage     Tmut           14%        N/A       4%          1

Your spell library contained the following spells:

 Spells                   Type           Power      Damage    Failure   Level
 Wereblood                Tmut           7%         N/A       6%          2
 Pain                     Necr           4%         1d4       9%          1
 Sandblast                Erth           2%         2d4       9%          1
 Passwall                 Tmut/Erth      3%         N/A       9%          2
 Spider Form              Tmut/Pois      4%         N/A       17%         3
 Gell's Gravitas          Tloc           1%         N/A       26%         3
 Stone Arrow              Conj/Erth      2%         3d7       26%         3
 Teleport Other           Tloc           1%         N/A       26%         3
 Ice Form                 Ice/Tmut       4%         N/A       47%         4
 Agony                    Necr           1%         N/A       91%         5
 Excruciating Wounds      Necr           0%         N/A       91%         5
 Dispersal                Tloc           0%         N/A       100%        6

Inventory:

Hand Weapons
 i - a +2 short sword of freezing (weapon) {short}
   (You took it off a kobold on level 3 of the Dungeon)
Jewellery
 e - a ring of wizardry (left tentacle)
   (You found it on level 2 of the Dungeon)
 f - a ring of protection from cold (right tentacle)
   (You found it on level 2 of the Dungeon)
Scrolls
 a - a scroll of holy word {unknown}
 c - a scroll of torment {unknown}
 g - a scroll of identify {unknown}
 h - a scroll of fear {unknown}
 k - a scroll of vulnerability {unknown}
Potions
 b - a potion of degeneration {unknown}
 d - a potion of curing {unknown}
 j - 2 potions of attraction {unknown}

Dungeon Overview and Level Annotations

Branches:
Dungeon (3/15)

Altars:

#........#
#........#
#........#
#........#####
#............#
#......#####..#
##.###.# .#
#..#..# #..g@#
#Jg##S# #...
#.b #g.## ...#
#... #... #.#
#..# #. ... ..


You could see 3 gnolls, an endoplasm, a bat and a ball python.


Message History

You take 1 damage, and now have 20/29 hp.
You hit the giant cockroach but do no damage.
Your grab misses the giant cockroach.
You feel sick.
You are no longer poisoned.
The giant cockroach closely misses you.
HP[-1]
You take 1 damage, and now have 19/29 hp.
You hit the giant cockroach. You freeze the giant cockroach.
You kill the giant cockroach!
No target in view!
No target in view!
No target in view!
No target in view!
No target in view!
No target in view!
No target in view!
You see here a giant cockroach corpse.
Found a stone staircase leading down.
HP[+10]
Your hp is fully restored (29).
A ball python comes into view.
The helpless ball python fails to defend itself.
You hit the ball python. You freeze the ball python.
You kill the ball python!
No target in view!
No target in view!
No target in view!
No target in view!
No target in view!
You see here 17 sling bullets.
You open the door.
A hobgoblin comes into view.
One of your tentacles grows a vicious spike.
MP[-1]
You lost 1 mp, and now have 6/7 mp.
There is an open door here.
The helpless hobgoblin fails to defend itself.
You hit the hobgoblin. You freeze the hobgoblin. You grab the hobgoblin.
You squeeze the hobgoblin.
You kill the hobgoblin!
No target in view!
No target in view!
No target in view!
No target in view!
No target in view!
No target in view!
No target in view!
No target in view!
No target in view!
No target in view!
Your transformation is almost over.
Your tentacle spike disappears.
A quokka comes into view.
MP[+1]
Your mp is fully restored (7).
One of your tentacles grows a vicious spike.
MP[-1]
You lost 1 mp, and now have 6/7 mp.
A gnoll comes into view. It is wielding a +0 flail.
A gnoll comes into view. It is wielding a +0 spear.
A gnoll comes into view. It is wielding a +0 club.
The quokka barely misses you.
You hit the quokka. You freeze the quokka. Your grab misses the quokka.
Your squeeze misses the quokka.
Your transformation is almost over.
The gnoll shouts!
You hear a shout! x2; You hear an angry hiss.
The quokka misses you.
You closely miss the quokka. You grab the quokka.
Your squeeze misses the quokka. You constrict the quokka. The quokka bites you.
The quokka misses you.
An endoplasm comes into view.
An adder comes into view.
You barely miss the quokka.
The adder hisses angrily.
The endoplasm quivers.
You pierce the quokka.
You kill the quokka!
You hear a shout!
A bat comes into view.
A gnoll shaman comes into view. It is wielding a +2 whip of holy wrath.
The bat closely misses you.
You barely miss the bat. Your grab misses the bat.
You hear an angry hiss.
The bat misses you. The bat closely misses you.
A gnoll comes into view. It is wielding a +0 club.
You closely miss the adder.
The gnoll shouts!
You grab the adder.
You pierce the adder, but do no damage.
You squeeze the adder! You constrict the adder.
You hear a shout!
The gnoll closely misses you. The adder misses you.
The gnoll hits you with a +0 flail!
The gnoll hits you from afar with a +0 spear.
* * * LOW HITPOINT WARNING * * *
You hear an angry hiss.
You hit the adder. You freeze the adder.
You kill the adder!
The bat misses you.
A ball python comes into view.
The gnoll hits you with a +0 flail!
You die...

Skill      XL: |  1  2  3  4 |
---------------+-------------+-----
Stealth        | 1 2 |  2.3
Fighting       | 2 |  2.1
Unarmed Combat | 4 |  4.1
Dodging        | |  2.8
Spellcasting   | |  2.0
Transmutations | |  2.0

Action                   |  1- 3 |  4- 6 || total
-------------------------+-------+-------++-------
Melee: Unarmed           |    95 |    10 ||   105
       Constrict         |    28 |    11 ||    39
       Tentacles         |    22 |    12 ||    34
       Kick              |    14 |     4 ||    18
       Punch             |     2 |       ||     2
       Short sword       |       |    31 ||    31
 Cast: Beastly Appendage |    16 |     6 ||    22
 Stab: Sleeping          |     7 |     6 ||    13
Armor: Skin              |    15 |     1 ||    16
Dodge: Dodged            |    66 |    22 ||    88

Levels and vault maps discovered:
D:1:      nicolae_arrival_memento_mori, layout_loops_ring
D:2:      layout_basic, minmay_strange_pillars, minmay_misc_feat_secret_circle
D:3:      layout_basic, nicolae_tso_swordbearing_angel, minmay_vboxes

Notes
Turn   | Place    | Note
-------+----------+-------------------------------------------
     0 | D:1      | zeratav the Octopode Transmuter began the quest for the
                  | Orb.
     0 | D:1      | Reached XP level 1. HP: 13/13 MP: 3/3
     0 | D:1      | magus.rc [v1.9.6]
   189 | D:1      | Reached XP level 2. HP: 14/18 MP: 3/5
   329 | D:1      | Reached skill level 1 in Stealth
   630 | D:1      | Reached XP level 3. HP: 21/23 MP: 6/6
   868 | D:1      | You add the spells Gell's Gravitas, Teleport Other and
                  | Dispersal to your library.
  1743 | D:2      | Reached skill level 2 in Stealth
  1743 | D:2      | Reached XP level 4. HP: 18/29 MP: 7/7
  2392 | D:3      | You pick up a book of Pain and begin reading...
  2392 | D:3      | You add the spells Pain, Agony and Excruciating Wounds to
                  | your library.
  2701 | D:3      | Reached skill level 2 in Fighting
  2701 | D:3      | Reached skill level 4 in Unarmed Combat
  2863 | D:3      | You pick up a book of Geomancy and begin reading...
  2863 | D:3      | You add the spells Sandblast, Passwall and Stone Arrow to
                  | your library.
  3222 | D:3      | Slain by a gnoll

Vanquished Creatures
  4 adders
  2 worms (D:3)
  A dart slug (D:1)
  An orc (D:3)
  7 ball pythons
  7 bats
  6 endoplasms
  3 giant cockroaches
  A goblin (D:1)
  9 hobgoblins
  5 jackals (D:1)
  7 kobolds
  3 quokkas
  2 frilled lizards (D:1)
  6 rats
64 creatures vanquished.

Table legend:
 A = Non-vault XP
 B = Vault XP
 C = Vault XP percentage of total XP
 D = Non-vault monster count
 E = Vault monster count
 F = Vault count percentage of total count
                 A         B        C        D         E       F
            +---------+---------+-------+---------+---------+-------
      Total |     148 |      16 |   9.8 |      62 |       2 |   3.1
            +---------+---------+-------+---------+---------+-------
        D:1 |      60 |       0 |   0.0 |      33 |       0 |   0.0
        D:2 |      38 |       0 |   0.0 |      16 |       0 |   0.0
        D:3 |      50 |      16 |  24.2 |      13 |       2 |  13.3
            +---------+---------+-------+---------+---------+-------

Illustrated notes

Table legend:
 A = Kills in this place as a percentage of kills in entire the game.
 B = Kills by you in this place as a percentage of kills by you in the entire game.
 C = Kills by friends in this place as a percentage of kills by friends in the entire game.
 D = Other kills in this place as a percentage of other kills in the entire game.
 E = Experience gained in this place as a percentage of experience gained in the entire game.
 F = Experience gained in this place divided by the number of levels of this place that you have seen.
                   A       B       C       D       E      F
               +-------+-------+-------+-------+-------+----------------------
         Total | 100.0 | 100.0 |   N/A |   N/A | 100.0 |  54.7
       Dungeon | 100.0 | 100.0 |   N/A |   N/A | 100.0 |  54.7
               +-------+-------+-------+-------+-------+----------------------

Table legend: (Time is in decaauts)
 A = Elapsed time spent in this place.
 B = Non-inter-level travel time spent in this place.
 C = Inter-level travel time spent in this place.
 D = Time resting spent in this place.
 E = Time spent auto-exploring this place.
 F = Levels seen in this place.
 G = Mean time per level.
                   A        B        C        D        E       F      G
               +--------+--------+--------+--------+--------+-----+--------+
         Total |   3216 |   3197 |     19 |      0 |   2776 |   3 | 1072.0 |
       Dungeon |   3216 |   3197 |     19 |      0 |   2776 |   3 | 1072.0 |
               +--------+--------+--------+--------+--------+-----+--------+

Top non-repeatable levels by time:
     D:1: 1300 daAuts
     D:2: 1081 daAuts
     D:3: 834 daAuts
